[Event "22nd Rochefort Festival Masters 2024"]
[Site "Rochefort"]
[Date "2024.02.23"]
[Round "9.5"]
[White "Larkin, Vladyslav"]
[Black "Colin, Vincent"]
[Result "1-0"]
[ECO "D02"]
[WhiteElo "2484"]
[BlackElo "2311"]
[Annotator "TA"]
[PlyCount "103"]
[EventDate "2024.02.18"]
[EventType "swiss"]
[EventCountry "FRA"]
[SourceTitle "playchess.com"]
[Source "ChessBase"]
[SourceQuality "1"]
[TimeControl "40/5400+30:1800+30"]

1. d4 Nf6 2. Bf4 d5 3. e3 c5 4. c3 Nc6 5. Nf3 Qb6 6. Qb3 c4 7. Qc2 Bf5 8. Qc1 e6 9. Nbd2 Rc8 {[%emt 0:00:00] D02: 1 d4 d5 2 Nf3 sidelines, including 2...Nf6 3 g3 and 2...Nf6 3 Bf4.} 10. Be2 h6 11. Bd1 Qd8 $146 ({Predecessor:} 11... Be7 12. Bc2 Bd3 13. Bxd3 cxd3 14. O-O Ne4 15. Qb1 g5 16. Bg3 h5 17. Qxd3 h4 {1-0 Kamsky,G (2663)-Stoyanov,T (2446) Titled Tuesday intern op 21st Mar Late blitz 2023 (6)}) 12. Bc2 Bxc2 13. Qxc2 b5 14. O-O Be7 15. Be5 O-O 16. Bxf6 Bxf6 17. a3 g5 18. h3 Bg7 19. e4 f5 20. exf5 Rxf5 21. Rfe1 Qd7 22. Nf1 (22. Re3 $16) 22... Rcf8 (22... Rxf3 $1 $11 23. gxf3 Qf7) 23. Ng3 ({White should play} 23. N1h2 $1 $14) 23... Rxf3 $1 $11 24. gxf3 Qf7 25. Re3 e5 26. dxe5 Nxe5 27. Qe2 Nxf3+ 28. Kg2 Nh4+ 29. Kf1 d4 (29... Ng6 $11 30. Rd1 Nf4) 30. Re7 $14 Qd5 31. Qe4 (31. Rxa7 $2 Qg2+ (31... dxc3 $2 32. Rxg7+ Kxg7 33. bxc3 $19) 32. Ke1 Nf3+ (32... dxc3 33. Rxg7+ Kxg7 34. Qe7+ Rf7 35. Nh5+ Kg8 36. Qe8+ Rf8 37. Nf6+ Kg7 38. Nh5+ Kh7 39. Qxf8 $11) (32... Qxh3 $2 33. Qe7 $18) (32... d3 $2 33. Rxg7+ Kxg7 34. Qe7+ Rf7 35. Qe5+ Kh7 36. Qe4+ Qxe4+ 37. Nxe4 $19) 33. Kd1 d3 $19 (33... dxc3 34. bxc3 Qg1+ 35. Qf1 $11) (33... Qxh3 34. Qe7)) 31... Qxe4 $1 32. Nxe4 Rf3 (32... Rf4 $14) 33. cxd4 ({White should try} 33. Re1) 33... Bxd4 $16 34. Rd1 Nf5 {[%emt 0:00:00] [#]} 35. Rd7 $1 Bxb2 36. Rxa7 Bd4 {[%emt 0:00:00] [#]} 37. Rd7 $1 c3 38. Ke2 ({Much weaker is} 38. R7xd4 $6 Nxd4 39. Nxc3 (39. Rxd4 c2 $15) 39... Rxc3 $11 (39... Rxh3 40. Rxd4 Rxc3 41. a4 $11)) 38... c2 (38... Rxh3 $16 39. R7xd4 (39. R1xd4 Nxd4+ 40. Rxd4 c2 $18) 39... Nxd4+ 40. Rxd4 c2 41. Rd8+ Kh7) 39. Rc1 $18 Rf4 40. Kd3 Rf3+ 41. Kxc2 Bg7 $2 (41... Rxa3 {was called for.} 42. Kd1 Ra8) 42. Kd2 Nd4 $2 (42... Nh4 43. Rcc7 Bf8) 43. Rc8+ $18 Kh7 44. Rcc7 Ne6 45. Ra7 Rf5 (45... Kg6 $142 46. Re7 Kf5 47. Ng3+ Ke5) 46. Ng3 Rxf2+ 47. Ke1 Rf6 48. Nh5 Rg6 49. Rd6 Kg8 50. Nxg7 Rxg7 51. Rxg7+ Nxg7 52. Rxh6 1-0